 Dungeon Crawl Stone Soup version 0.31-a0-489-g282fc92437 (webtiles) character file.

Game seed: 7973178834692849577

117 Ethylacetat the Cutter (level 5, -7/37 HPs)
             Began as an Octopode Gladiator on Aug 8, 2023.
             Mangled by a gnoll
             ... wielding a +0 halberd
              (10 damage)
             ... on level 2 of the Dungeon.
             The game lasted 00:02:23 (1299 turns).

Ethylacetat the Cutter (Octopode Gladiator)         Turns: 1299, Time: 00:02:25

Health: -7/37      AC:  1    Str: 14    XL:     5   Next: 1%
Magic:  5/5        EV: 14    Int: 10    God:
Gold:   85         SH:  0    Dex: 15    Spells: 4/4 levels left

rFire   . . .        d - +0 trident (venom)
rCold   . . .        (no shield)
rNeg    . . .        b - +0 hat
rPois   +            (no amulet)
rElec   .            g - ring of poison resistance
rCorr   .            (no ring)
SInv    .            (no ring)
Will    .....        (no ring)
Stlth   ++           (no ring)
HPRegen 0.26/turn    (no ring)
MPRegen 0.09/turn    (no ring)
                     (no ring)

%: no passive effects
@: no status effects
A: almost no armour, amphibious, 8 rings, camouflage 1, gelatinous body 1,
(nimble swimmer 1), tentacles
a: no special abilities


You were on level 2 of the Dungeon.
You visited 1 branch of the dungeon, and saw 2 of its levels.

You collected 85 gold pieces.

Inventory:

Hand Weapons
 a - a +0 rapier
 d - a +0 trident of venom (weapon)
Missiles
 c - 2 throwing nets (quivered)
 j - a javelin
Armour
 b - a +0 hat (worn)
Jewellery
 g - a ring of poison resistance (left tentacle)
Scrolls
 f - a scroll of teleportation {unknown}
 h - a scroll of enchant armour {unknown}
 k - a scroll of fog {unknown}
 l - a scroll of identify {unknown}
Potions
 e - 2 potions of haste {unknown}
 i - a potion of enlightenment {unknown}


   Skills:
 + Level 3.8 Fighting
 + Level 4.4 Short Blades
 - Level 2.0 Throwing
 - Level 3.0 Dodging


You had 4 spell levels left.
You didn't know any spells.
Your spell library contained the following spells:

 Spells                   Type           Power      Damage    Failure   Level
 Foxfire                  Conj/Fire      0%         2x1d4     36%         1
 Plasma Beam              Fire/Air       0%         2x1d10    100%        6
 Starburst                Conj/Fire      0%         6d3       100%        6


Dungeon Overview and Level Annotations

Branches:
Dungeon (2/15)

Altars:
Dithmenos


Innate Abilities, Weirdness & Mutations

You cannot wear most types of armour.
You are amphibious.
You can wear up to eight rings at the same time.
Your skin changes colour to match your surroundings (Stealth+).
Your rubbery body absorbs attacks. (AC +1, EV +1)
((You are camouflaged when in or above water. (Stealth+)))
You have tentacles for arms and can constrict up to eight enemies at once.


Message History

You are too injured to fight recklessly!
You are too injured to fight recklessly!
Reach: d) +0 trident (venom)
Press: ? - help, Dir - move target, f/p - gnoll
Aim: a gnoll, wielding a +0 flail (about 39% to evade your +0 trident of venom)
Okay, then.
Okay, then.
Throw: 4 throwing nets
Press: ? - help, Q - select action, (/) - cycle Shift-Dir - straight line, f/p - gnoll
Aim: a gnoll, wielding a +0 flail (61% to hit)
You throw a throwing net.
The throwing net barely misses the gnoll.
The throwing net barely misses the gnoll.
The gnoll hits you with a +0 flail.
* * * LOW HITPOINT WARNING * * *
The gnoll misses you.
Throw: 3 throwing nets
Press: ? - help, Q - select action, (/) - cycle Shift-Dir - straight line, f/p - gnoll
Aim: a gnoll, wielding a +0 flail (61% to hit)
You throw a throwing net. The throwing net hits the gnoll.
The gnoll is caught in the net!
The gnoll struggles against the net.
The gnoll misses you.
You hit the gnoll but do no damage.
The gnoll is poisoned.
You grab the gnoll.
You constrict the gnoll, but do no damage.
The gnoll struggles against the net.
The gnoll hits you from afar with a +0 halberd!
* * * LOW HITPOINT WARNING * * *
You catch the helpless gnoll completely off-guard!
You hit the gnoll.
The gnoll looks as sick as possible!
You squeeze the gnoll.
The gnoll is moderately wounded.
You constrict the gnoll.
The gnoll struggles against the net.
The gnoll closely misses you.
You release your grip on the gnoll.
The gnoll struggles against the net.
Reach: d) +0 trident (venom)
Press: ? - help, Dir - move target, f/p - gnoll
Aim: a gnoll, wielding a +0 flail (severely wounded, entangled in a net, extremely poisoned, about 7% to evade your +0 trident of venom)
You reach to attack!
You hit the gnoll.
You kill the gnoll!
The gnoll hits you from afar with a +0 halberd!
You die...

#(# ##.## >.. #
.... ... #.
#..# #.#
#.###..####)#
#........##g#
###........##.#
####
..>.......##@#
##.#.
#........##.#
..#..
#...........#
#.#.
##.......####
#..# #.......#
#... ####.####
###.# #.# .#
##. #.# ###. ##
#.# ###.. ###


You could see a gnoll.

Vanquished Creatures
  6 gnolls (D:2)
  An adder (D:2)
  2 dart slugs (D:1)
  2 ball pythons (D:1)
  4 bats (D:1)
  4 endoplasms
  3 giant cockroaches (D:1)
  7 goblins
  7 hobgoblins
  2 jackals (D:1)
  2 quokkas
  10 frilled lizards (D:1)
  4 kobolds (D:1)
  4 rats
58 creatures vanquished.

Notes
Turn   | Place    | Note
-------+----------+-------------------------------------------
     0 | D:1      | Ethylacetat the Octopode Gladiator began the quest for the
                  | Orb.
     0 | D:1      | Reached XP level 1. HP: 14/14 MP: 1/1
    74 | D:1      | Reached XP level 2. HP: 13/20 MP: 2/2
   376 | D:1      | Found a faded altar of an unknown god.
   380 | D:1      | Reached XP level 3. HP: 25/25 MP: 3/3
   994 | D:2      | Reached skill level 4 in Short Blades
   994 | D:2      | Reached XP level 4. HP: 21/31 MP: 4/4
  1104 | D:2      | Found a shadowy altar of Dithmenos.
  1291 | D:2      | Reached XP level 5. HP: 26/37 MP: 5/5
  1299 | D:2      | Mangled by a gnoll

Illustrated notes

Levels and vault maps discovered:
D:1:      dpeg_arrival_morbid_curiosity, layout_basic,
          shapermc_ecumenical_altar_mp_highgroup, minmay_lizard_king
D:2:      layout_loops_ring, basic_altar, minmay_tiny_reverse_x,
          uniq_crazy_yiuf_cottage, uniq_natasha

Skill      XL: |  1  2  3 |
---------------+----------+-----
Fighting       | 3 |  3.8
Short Blades   | 4 |  4.4
Throwing       | |  2.0
Dodging        | |  3.0

Action                     |  1- 3 |  4- 6 || total
---------------------------+-------+-------++-------
  Melee: Rapier            |    46 |       ||    46
         Constrict         |    18 |     6 ||    24
         Tentacles         |    10 |     3 ||    13
         Punch             |     1 |       ||     1
         Trident           |    34 |    33 ||    67
  Throw: Javelin           |     1 |       ||     1
         Throwing net      |       |     2 ||     2
   Stab: Sleeping          |     8 |     3 ||    11
         Held in net/web   |       |     1 ||     1
 Armour: Skin              |     4 |       ||     4
  Dodge: Dodged            |    50 |    18 ||    68

Table legend: (Time is in decaauts)
 A = Elapsed time spent in this place.
 B = Non-inter-level travel time spent in this place.
 C = Inter-level travel time spent in this place.
 D = Time resting spent in this place.
 E = Time spent auto-exploring this place.
 F = Levels seen in this place.
 G = Mean time per level.
                   A        B        C        D        E       F      G
               +--------+--------+--------+--------+--------+-----+--------+
         Total |   1319 |   1293 |     26 |     84 |    896 |   2 |  659.5 |
       Dungeon |   1319 |   1293 |     26 |     84 |    896 |   2 |  659.5 |
               +--------+--------+--------+--------+--------+-----+--------+

Top non-repeatable levels by time:
     D:1: 962 daAuts
     D:2: 356 daAuts
